 Dungeon Crawl Stone Soup version 0.22.1-1-ga44c0e5 (webtiles) character file.

40 Starchild the Charmwright (level 3, 0/28 HPs)
             Began as a Barachi Skald on Oct 20, 2018.
             Slain by a jackal (2 damage)
             ... on level 1 of the Dungeon.
             The game lasted 00:06:00 (1003 turns).

Starchild the Charmwright (Barachi Skald)           Turns: 1003, Time: 00:06:00

Health: 0/28       AC:  3    Str: 12    XL:     3   Next: 50%
Magic:  1/6        EV: 12    Int: 14    God:
Gold:   39         SH:  0    Dex: 11    Spells: 1/6 levels left

rFire    . . .     SeeInvis .   a - +0 falchion
rCold    . . .     Gourm    .   (no shield)
rNeg     . . .     Faith    .   h - +0 robe
rPois    .         Spirit   .   i - +0 helmet
rElec    .         Reflect  .   (no cloak)
rCorr    .         Harm     .   (no gloves)
MR       .....                  (no boots)
Stlth    +.........             (no amulet)
HPRegen  0.09/turn              (no ring)
MPRegen  0.10/turn              (no ring)

@: lethally poisoned (0 -> -3), singing, slow
A: +LOS, swims, slowness 1, strong legs 1
a: Hop


You were on level 1 of the Dungeon.
You were not hungry.

You visited 1 branch of the dungeon, and saw 2 of its levels.

You collected 39 gold pieces.

Inventory:

Hand Weapons
 a - a +0 falchion (weapon)
Armour
 b - a +0 leather armour
 h - a +0 robe (worn)
 i - a +0 helmet (worn)
Jewellery
 k - an uncursed amulet of the gourmand {unknown}
Scrolls
 c - a scroll of magic mapping {unknown}
 e - a scroll of amnesia {unknown}
 f - a scroll of remove curse {unknown}
 g - a scroll of enchant armour {unknown}
 j - a scroll of random uselessness {unknown}
 l - a scroll of fog {unknown}
 m - a scroll of teleportation {unknown}
 n - a scroll of blinking {unknown}
Comestibles
 d - 3 rations


   Skills:
 - Level 2.4 Fighting
 + Level 3.3 Long Blades
 - Level 1.2 Armour
 - Level 2.1 Dodging
 - Level 2.1 Spellcasting
 + Level 4.4 Charms


You had one spell level left.
You knew the following spells:

 Your Spells              Type           Power        Failure   Level  Hunger
a - Infusion              Chrm           ##..         3%          1    #......
b - Song of Slaying       Chrm           ##......     6%          2    ###....
c - Shroud of Golubria    Chrm/Tloc      #.........   14%         2    ###....

Your spell library contained the following spells:

 Spells                   Type           Power        Failure   Level  Hunger
 Regeneration             Chrm/Necr      #.........   28%         3    ###....
 Spectral Weapon          Hex/Chrm       #.......     28%         3    ###....


Dungeon Overview and Level Annotations

Branches:
Dungeon (2/15)

Altars:


Innate Abilities, Weirdness & Mutations

Shadows flee at your approach. (+LOS)
You can swim through water.
You cover ground slowly.
You can hop short distances.


Message History

The jackal is lightly wounded.
You climb upwards.
There is a stone staircase leading down here.
You barely miss the jackal.
The jackal is lightly wounded.
You feel sick. The jackal bites you.
* * * LOW HITPOINT WARNING * * *
The jackal closely misses you. The jackal barely misses you.
You riposte.
You hit the jackal.
The jackal is heavily wounded.
The jackal barely misses you.
You riposte.
You slash the jackal!
You kill the jackal!
The jackal closely misses you.
You riposte.
You hit the jackal.
The jackal is moderately wounded.
You barely miss the jackal.
The jackal is heavily wounded.
The jackal bites you.
* * * LOW HITPOINT WARNING * * *
The jackal bites you.
You die...

#....###.#..........#.#
#.....##.#..........#.###
#.....##.#........).#.##.
##....##.#..........#.##.
#....##.#...........)...
#....##.###'########.###
#....##..............###
#.....h......##....###..
####..h@................
#....†...#######....#
#........# #.####
#.......## #.# #.......#
#.#
#####.......########.#
#...........##.......#
#........#####.......#
#....................####


You could see 2 jackals.

Vanquished Creatures
  An adder (D:2)
  A dart slug (D:1)
  2 leopard geckos (D:1)
  A ball python (D:1)
  6 bats (D:1)
  3 goblins (D:1)
  A hobgoblin (D:1)
  5 jackals
  A frilled lizard (D:1)
  3 kobolds
  4 rats (D:1)
28 creatures vanquished.

Notes
Turn   | Place    | Note
-------+----------+-------------------------------------------
     0 | D:1      | Starchild the Barachi Skald began the quest for the Orb.
     0 | D:1      | Reached XP level 1. HP: 17/17 MP: 3/3
   290 | D:1      | Reached XP level 2. HP: 23/23 MP: 0/5
   299 | D:1      | Learned a level 2 spell: Song of Slaying
   493 | D:1      | Reached skill level 4 in Charms
   810 | D:1      | Reached XP level 3. HP: 24/28 MP: 1/6
   814 | D:1      | Learned a level 2 spell: Shroud of Golubria
  1003 | D:1      | Slain by a jackal

Skill      XL: |  1  2 |
---------------+-------+-----
Charms         | 4 |  4.4
Long Blades    | 3 |  3.3
Fighting       | |  2.4
Armour         | |  1.2
Dodging        | |  2.1
Spellcasting   | |  2.1

Action                   || total
-------------------------++-------
Melee: Falchion          ||    74
 Cast: Infusion          ||    10
       Song of Slaying   ||     2
  Eat: Chunk             ||     1
Armor: Leather armour    ||     3
       Robe              ||    41
Dodge: Dodged            ||    83
       Rpst.: Falchion   ||    32
